 Dungeon Crawl Stone Soup version 0.25.0-1-g7eea58d2a3 (webtiles) character file.

Game seed: 17860421099192396085

16 Esekla the Chiller (level 2, 0/21 HPs)
             Began as a Barachi Wanderer on June 13, 2020.
             Succumbed to an adder's poison
             ... on level 2 of the Dungeon.
             The game lasted 00:05:02 (698 turns).

Esekla the Chiller (Barachi Wanderer)                Turns: 698, Time: 00:05:03

Health: 0/21       AC:  2    Str: 12    XL:     2   Next: 58%
Magic:  1/3        EV: 11    Int: 13    God:
Gold:   30         SH:  0    Dex: 11    Spells: 2/3 levels left

rFire    . . .     SeeInvis .   a - +2 dagger
rCold    . . .     Gourm    .   (no shield)
rNeg     . . .     Faith    .   e - +0 robe
rPois    .         Spirit   .   (no helmet)
rElec    .         Reflect  .   (no cloak)
rCorr    .         Harm     .   (no gloves)
MR       .....                  (no boots)
Stlth    +.........             (no amulet)
HPRegen  0.07/turn              (no ring)
MPRegen  0.08/turn              (no ring)

@: lethally poisoned (0 -> -8), very slightly contaminated, slow
A: +LOS, swims, slowness 1, strong legs 1
a: Hop


You were on level 2 of the Dungeon.
You were not hungry.

You visited 1 branch of the dungeon, and saw 2 of its levels.

You collected 30 gold pieces.

Inventory:

Hand Weapons
 a - a +2 dagger (weapon)
Missiles
 b - a curare-tipped dart (quivered)
Armour
 e - a +0 robe (worn)
Scrolls
 c - a scroll of amnesia {unknown}
Comestibles
 f - a ration


   Skills:
 * Level 1.2 Fighting
 * Level 0.9 Short Blades
 - Level 1.0 Throwing
 + Level 2.4 Armour
 + Level 1.1 Spellcasting
 * Level 1.9 Conjurations
   Level 2.1 Transmutations
 * Level 0.4 Fire Magic
   Level 2.4 Ice Magic
   Level 1.1 Evocations


You had 2 spell levels left.
You knew the following spells:

 Your Spells              Type           Power        Failure   Level  Hunger
a - Foxfire               Conj/Fire      #...         17%         1    ##.....

Your spell library contained the following spells:

 Spells                   Type           Power        Failure   Level  Hunger
 Freeze                   Ice            #...         11%         1    ##.....
 Frozen Ramparts          Ice            #.....       30%         3    ####...
 Inner Flame              Hex/Fire       #.......     58%         3    ####...


Dungeon Overview and Level Annotations

Branches:
Dungeon (2/15)

Altars:
Elyvilon
Hepliaklqana
Yredelemnul


Innate Abilities, Weirdness & Mutations

You can be seen from farther away. (+LOS)
You can swim through water.
You cover ground slowly.
You can hop short distances.


Message History

* * * LOW HITPOINT WARNING * * *
You are lethally poisoned!
The adder poisons you!
You aren't carrying any potions.
You hit the adder.
The adder is severely wounded.
* * * LOW HITPOINT WARNING * * *
You feel sick. The adder misses you.
You hit the adder.
The adder is almost dead.
The adder closely misses you. The adder bites you but does no damage.
You hit the adder.
You kill the adder!
* * * LOW HITPOINT WARNING * * *
You feel sick.
* * * LOW HITPOINT WARNING * * *
You feel sick.
* * * LOW HITPOINT WARNING * * *
You feel sick.
You die...

S.. ... #.# ## #.# ..
########.# .#
.........########.#
##...........#.#
##..##..#..##...#
#..##..###..##@.#
#)###..# #..###.# #.#
#.#####.# #.##
#.######8######..
#.##8_.._..§8##.##
#..##§....§≈##..#
#..##≈≈...§≈##..######
##..##§≈.≈≈##........#
###
##..##§.≈##..######.#
...#.#


There were no monsters in sight!

Vanquished Creatures
  An adder (D:2)
  A ball python (D:1)
  A goblin (D:2)
  2 hobgoblins (D:2)
  A kobold (D:1)
  A frilled lizard (D:1)
7 creatures vanquished.

Vanquished Creatures (others)
  4 foxfires (D:2)
4 creatures vanquished.

Grand Total: 11 creatures vanquished

Notes
Turn   | Place    | Note
-------+----------+-------------------------------------------
     0 | D:1      | Esekla the Barachi Wanderer began the quest for the Orb.
     0 | D:1      | Esekla set off with the following items: a +2 dagger, a
                  | curare-tipped dart, a +0 robe, a ration; and the following
                  | spells available to memorise: Freeze, Foxfire, Frozen
                  | Ramparts, Inner Flame
     0 | D:1      | Reached XP level 1. HP: 15/15 MP: 2/2
     5 | D:1      | Learned a level 1 spell: Foxfire
   633 | D:2      | Found a basalt altar of Yredelemnul.
   634 | D:2      | Found a hazy altar of Hepliaklqana.
   635 | D:2      | Found a white marble altar of Elyvilon.
   674 | D:2      | Reached skill level 1 in Conjurations
   674 | D:2      | Reached XP level 2. HP: 18/21 MP: 3/3
   696 | D:2      | HP: 1/21 [poisoned by an adder]
   698 | D:2      | Succumbed to an adder's poison

Illustrated notes

Levels and vault maps discovered:
D:1:      dpeg_arrival_another_circle, layout_loops_ring
D:2:      layout_loops_corners, gammafunk_temple_overflow_claw, minmay_distorted

Skill      XL: |  1 |
---------------+----+-----
Conjurations   | 1 |  1.9
Fighting       | |  1.2
Short Blades   | |  0.9
Throwing       | |  1.0
Armour         | |  2.4
Spellcasting   | |  1.1
Transmutations | |  2.1
Fire Magic     | |  0.4
Ice Magic      | |  2.4
Evocations     | |  1.1

Action                   || total
-------------------------++-------
Melee: Dagger            ||    29
 Cast: Foxfire           ||     2
Armor: Robe              ||     3
Dodge: Dodged            ||    12
